 Dungeon Crawl Stone Soup version 0.30-a0-476-g330ca2eb8e (webtiles) character file.

Game seed: 15272173638207519240

20471 Sweetruy1997 the Slicer (level 12, -18/93 HPs)
             Began as a Minotaur Berserker on Dec 22, 2022.
             Was a High Priest of Trog.
             Demolished by an ettin
             ... wielding a +0 dire flail
              (40 damage)
             ... on level 1 of the Orcish Mines.
             The game lasted 00:37:51 (12752 turns).

Sweetruy1997 the Slicer (Minotaur Berserker)       Turns: 12752, Time: 00:37:51

Health: -18/93     AC: 16    Str: 22    XL:     12   Next: 45%
Magic:  14/14      EV:  8    Int:  6    God:    Trog [*****.]
Gold:   2          SH:  0    Dex: 19    Spells: 11/11 levels left

rFire   . . .      SeeInvis .    c - +5 dagger (speed)
rCold   + . .      Faith    .    o - +0 buckler
rNeg    + . .      Spirit   .    u - +2 ring mail {rN+}
rPois   .          Reflect  .    (helmet restricted)
rElec   .          Harm     .    j - +2 cloak {Stlth+}
rCorr   .          Rampage  .    (no gloves)
Will    +....                    k - +2 pair of boots {Stlth+}
Stlth   +++++.....               (no amulet)
HPRegen 0.35/turn                D - ring of willpower
MPRegen 0.14/turn                l - +6 ring of dexterity

@: marked, held
A: horns 2, retaliatory headbutt, cold resistance 1, frail 1, wild magic 1,
devolution 1
a: Renounce Religion, Berserk, Trog's Hand, Brothers in Arms


You were on level 1 of the Orcish Mines.
You worshipped Trog.
Trog was extremely pleased with you.
You visited 4 branches of the dungeon, and saw 14 of its levels.
You also visited: Ossuary.

You collected 734 gold pieces.
You spent 732 gold pieces at shops.

Inventory:

Hand Weapons
 c - a +5 dagger of speed (weapon)
 E - a +1 short sword of flaming
Missiles
 C - 2 javelins
 G - 5 boomerangs (quivered)
Armour
 j - a +2 cloak of stealth (worn)
 k - a +2 pair of boots of stealth (worn)
 o - a +0 buckler (worn)
 u - a +2 ring mail of positive energy (worn)
Jewellery
 f - a ring of fire
 l - a +6 ring of dexterity (right hand)
 D - a ring of willpower (left hand)
Wands
 p - a wand of polymorph (4)
 y - a wand of roots (8)
 z - a wand of mindburst (30)
Scrolls
 a - 6 scrolls of fear
 b - 7 scrolls of teleportation
 e - 5 scrolls of fog
 h - 4 scrolls of blinking
 m - a scroll of silence
 q - a scroll of amnesia {unknown}
 w - a scroll of brand weapon {unknown}
 x - 2 scrolls of magic mapping
Potions
 d - 4 potions of lignification
 g - 3 potions of heal wounds
 i - a potion of might
 n - 4 potions of flight
 r - 3 potions of berserk rage {unknown}
 s - 2 potions of invisibility {unknown}
 t - 7 potions of curing
 v - a potion of magic {unknown}
 A - a potion of ambrosia {unknown}
 H - a potion of attraction {unknown}
Miscellaneous
 B - a tin of tremorstones (1/2)
 F - a phantom mirror (inert)


   Skills:
 - Level 9.0 Fighting
 - Level 10.0 Short Blades
 - Level 4.8(6.0) Axes
 + Level 5.6(6.4) Maces & Flails
 - Level 0.2(3.4) Staves
 - Level 0.1 Ranged Weapons
 + Level 5.7 Throwing
 + Level 9.6 Armour
 + Level 9.3 Dodging
 - Level 6.0 Stealth
 + Level 9.3 Shields
 + Level 5.0 Invocations
 + Level 4.4 Evocations


You had 11 spell levels left.
You didn't know any spells.
Your spell library was empty.

Dungeon Overview and Level Annotations

Branches:
Dungeon (11/15)            Temple (1/1) D:4            Lair (1/5) D:8
    Orc (1/2) D:11        Ossuary (visited)

Altars:
Ashenzari
Cheibriados
Dithmenos
Elyvilon
Fedhas
Gozag
Hepliaklqana
Kikubaaqudgha
Makhleb
Nemelex Xobeh
Okawaru
Qazlal
Ru
Sif Muna
Trog
Uskayaw
Vehumet
Wu Jian
Xom
Yredelemnul
Zin
The Shining One

Shops:
D:1 (*?(   D:5 :   D:8 *

Annotations:
Orc:1 Harold


Innate Abilities, Weirdness & Mutations

You have a pair of horns on your head.
You reflexively headbutt those who attack you in melee.
Your flesh is cold resistant. (rC+)
You are frail. (-10% HP)
Your spells are a little harder to cast, but a little more powerful.
You have hidden genetic defects.


Message History

A sentinel's mark forms upon you.
You throw a boomerang.
The boomerang hits Harold but does no damage.
Harold is lightly wounded.
Harold points at you and mumbles some strange words.
You barely resist. You throw a boomerang. The boomerang hits Harold!
Harold is moderately wounded.
You throw a boomerang. The boomerang hits Harold.
Harold is moderately wounded.
You throw a boomerang. The boomerang hits Harold!
Harold is heavily wounded.
Harold throws a throwing net.
The throwing net hits you.
You become entangled in the net!
You cannot throw/fire anything while held in a net.
You are held in a net!
You struggle against the net.
You struggle against the net.
An ettin comes into view.
It is wielding a +0 dire flail and a +0 dire flail of venom.
Harold hits you with a +0 flail!
You struggle against the net.
Harold closely misses you.
You rip the net and break free!
Harold hits you with a +0 flail!
You hit Harold but do no damage.
Harold is heavily wounded.
You hit Harold.
Harold is heavily wounded.
You hit Harold but do no damage.
Harold is heavily wounded.
Harold considers, "I think I'll use your bounty to get a horse ranch..."
Harold hits you but does no damage.
Harold throws a throwing net.
The throwing net hits you.
You become entangled in the net!
Items here: (( ) †.
You struggle against the net.
The ettin hits you with a +0 dire flail!!
The ettin hits you with a +0 dire flail of venom!
* * * LOW HITPOINT WARNING * * *
You struggle against the net.
The ettin hits you with a +0 dire flail!!!
You die...

### ##<##
#.@.# #.C@#
#.........#
#....#..###
#....####
.......
..###..$.
### #....
#.....


You could see Harold and an ettin.

Vanquished Creatures
  2 two-headed ogres
  Sonja (D:11)
  A wizard (D:11)
  Pikel (D:6)
  2 cyclopes (D:11)
  Joseph (D:7)
  Maurice (D:8)
  A cane toad (Lair:1)
  2 unseen horrors
  A troll (D:11)
  A hornet (D:9)
  3 shadows
  3 wraiths (D:11)
  Sigmund (D:6)
  15 yaks
  A wyvern (D:7)
  A basilisk (Lair:1)
  2 vampire mosquitoes (D:11)
  2 steam dragons
  A warg (D:11)
  4 acid dragons
  A water moccasin (D:6)
  Duvessa (D:6)
  A black bear (D:4)
  5 orc warriors
  A sky beast (D:8)
  3 wolves (Lair:1)
  2 ogres (Orc:1)
  6 centaurs
  A phantom (D:5)
  An elf zombie (Ossuary)
  2 kobold brigands
  4 bullfrogs
  A gnoll sergeant (D:6)
  A necrophage (D:5)
  3 scorpions
  Dowan (D:6)
  3 killer bees (D:9)
  A vampire bat (D:9)
  An electric eel (D:9)
  4 howler monkeys
  A crimson imp (D:11)
  A lava snake (D:9)
  7 hounds
  2 human zombies (Ossuary)
  3 jellies
  2 orc priests
  2 gnoll boudas
  Crazy Yiuf (D:2)
  Jessica (D:2)
  4 iguanas
  9 orc wizards
  2 mummies (Ossuary)
  13 gnolls
  6 adders
  2 shadow imps (D:7)
  A white imp (D:5)
  4 ufetubi
  2 worms (D:4)
  3 dart slugs
  37 orcs
  6 bats
  3 bat skeletons (D:9)
  2 bat zombies (D:9)
  4 endoplasms
  2 giant cockroaches
  9 goblins
  10 hobgoblins
  6 jackals
  4 quokkas
  8 ball pythons
  A frilled lizard (D:1)
  13 hobgoblin zombies (Ossuary)
  A jackal zombie (Ossuary)
  15 kobolds
  11 kobold zombies (Ossuary)
  8 orc zombies (Ossuary)
  5 rats
  A rat zombie (Ossuary)
302 creatures vanquished.

Vanquished Creatures (others)
  A plant (D:8)
1 creature vanquished.

Grand Total: 303 creatures vanquished

Notes
Turn   | Place    | Note
-------+----------+-------------------------------------------
     0 | D:1      | Sweetruy1997 the Minotaur Berserker began the quest for the
                  | Orb.
     0 | D:1      | Reached XP level 1. HP: 19/19 MP: 0/0
   187 | D:1      | Found Qezexzui's Assorted Antiques.
   191 | D:1      | Bought a scroll labelled ICKOCHUESY for 24 gold pieces
   199 | D:1      | Found Miggowuo's Weapon Emporium.
   265 | D:1      | Bought a scroll labelled ITWECA UKKA for 24 gold pieces
   269 | D:1      | Found Xoheh's Weapon Emporium.
   300 | D:1      | Found Waqet's Magic Scroll Shoppe.
   308 | D:1      | Reached XP level 2. HP: 27/27 MP: 1/1
   741 | D:1      | Bought a scroll of identify for 26 gold pieces
   743 | D:1      | Gained mutation: You expend magic power (3 MP) to
                  | strengthen your wands. [potion of mutation]
   743 | D:1      | Gained mutation: Your mind is acute. (Int +4, Str/Dex -1)
                  | [potion of mutation]
   743 | D:1      | Gained mutation: Your muscles are strong. (Str +4, Int/Dex
                  | -1) [potion of mutation]
   744 | D:1      | Lost mutation: You expend magic power (3 MP) to strengthen
                  | your wands. [potion of mutation]
   744 | D:1      | Lost mutation: Your mind is acute. (Int +4, Str/Dex -1)
                  | [potion of mutation]
   744 | D:1      | Lost mutation: Your muscles are strong. (Str +4, Int/Dex
                  | -1) [potion of mutation]
   744 | D:1      | Gained mutation: You are vulnerable to cold. (rC-) [potion
                  | of mutation]
   745 | D:1      | Lost mutation: You are vulnerable to cold. (rC-) [potion of
                  | mutation]
   745 | D:1      | Gained mutation: You have sharp toenails. [potion of
                  | mutation]
   745 | D:1      | Gained mutation: You are partially covered in large bone
                  | plates. (SH +4) [potion of mutation]
   789 | D:2      | Found a basalt altar of Yredelemnul.
   843 | D:2      | Noticed Jessica
   849 | D:2      | Killed Jessica
   850 | D:2      | Reached XP level 3. HP: 33/33 MP: 2/2
   959 | D:2      | You fall into a shaft and drop 2 floors!
   959 | D:4      | Found a staircase to the Ecumenical Temple.
   992 | D:4      | Noticed a black bear
  1000 | D:4      | Noticed a bullfrog
  1016 | D:4      | Killed a bullfrog
  1017 | D:4      | Reached XP level 4. HP: 40/40 MP: 3/3
  1022 | D:4      | Reached XP level 5. HP: 46/46 MP: 4/4
  1056 | D:4      | Killed a black bear
  1057 | D:4      | Reached skill level 1 in Short Blades
  1057 | D:4      | Reached skill level 5 in Armour
  1057 | D:4      | Reached skill level 1 in Stealth
  1057 | D:4      | Reached skill level 1 in Shields
  1122 | D:4      | Reached XP level 6. HP: 48/52 MP: 5/5
  1250 | D:2      | Reached ** piety under Trog
  1440 | D:2      | Found a runed translucent door.
  1441 | D:2      | Noticed Crazy Yiuf
  1489 | D:2      | Killed Crazy Yiuf
  1551 | D:3      | Reached skill level 2 in Short Blades
  1671 | D:1      | Bought a fuming yellow potion for 21 gold pieces
  1705 | D:1      | Bought a scroll of identify for 26 gold pieces
  1705 | D:1      | Bought a scroll of identify for 26 gold pieces
  2122 | D:3      | Found a faded altar of an unknown god.
  2296 | D:1      | Bought a scroll of vulnerability for 52 gold pieces
  2376 | D:4      | Reached skill level 3 in Short Blades
  2380 | D:4      | Reached XP level 7. HP: 49/59 MP: 6/6
  2757 | D:4      | Reached *** piety under Trog
  2758 | D:4      | Reached skill level 4 in Short Blades
  2758 | D:4      | Reached skill level 5 in Dodging
  3037 | Temple   | Entered the Ecumenical Temple
  3227 | D:5      | Entered Level 5 of the Dungeon
  3428 | D:5      | Reached skill level 5 in Short Blades
  3639 | D:5      | Found a basalt altar of Yredelemnul.
  3808 | D:5      | Reached skill level 6 in Short Blades
  4152 | D:5      | Found Hithehexka's Self-Improvement Boutique.
  4169 | D:5      | Reached XP level 8. HP: 64/66 MP: 7/7
  4566 | D:6      | Found an ornate altar of the Wu Jian Council.
  4591 | D:6      | Reached skill level 7 in Short Blades
  4714 | D:6      | Found a sand-covered staircase.
  4724 | Ossuary  | Entered an ossuary
  4860 | Ossuary  | Reached skill level 8 in Short Blades
  4869 | Ossuary  | Reached **** piety under Trog
  5168 | D:6      | Found a sparkling altar of Nemelex Xobeh.
  5199 | D:6      | Noticed Pikel
  5211 | D:6      | Killed Pikel
  5212 | D:6      | Reached skill level 10 in Short Blades
  5212 | D:6      | Reached skill level 1 in Throwing
  5350 | D:6      | Noticed Sigmund
  5361 | D:6      | Killed Sigmund
  5362 | D:6      | Reached XP level 9. HP: 71/71 MP: 8/8
  5378 | D:6      | Noticed Dowan
  5379 | D:6      | Noticed Duvessa
  5394 | D:6      | Killed Duvessa
  5397 | D:6      | Killed Dowan
  5667 | D:1      | Bought a scroll of poison for 52 gold pieces
  5667 | D:1      | Bought a scroll of magic mapping for 97 gold pieces
  5669 | D:1      | Reached skill level 5 in Shields
  5669 | D:1      | Reached XP level 10. HP: 83/83 MP: 8/12
  5670 | D:1      | Reached skill level 5 in Maces & Flails
  5670 | D:1      | Reached skill level 5 in Invocations
  5670 | D:1      | Reached XP level 11. HP: 92/92 MP: 8/13
  6290 | D:7      | Noticed Joseph
  6297 | D:7      | Killed Joseph
  6868 | D:8      | Found a hazy altar of Hepliaklqana.
  6886 | D:8      | Reached skill level 5 in Stealth
  6904 | D:8      | Noticed Maurice
  6926 | D:8      | Found a staircase to the Lair.
  6950 | D:8      | Killed Maurice
  7379 | D:1      | Bought a scroll of enchant weapon for 97 gold pieces
  7989 | D:8      | Found Haneurch's Assorted Antiques.
  7998 | D:8      | Bought an inky potion for 30 gold pieces
  8378 | D:9      | Reached ***** piety under Trog
  8809 | D:8      | Bought a scroll of identify for 68 gold pieces
  8866 | D:9      | Found an ancient bone altar of Kikubaaqudgha.
  9249 | D:10     | Entered Level 10 of the Dungeon
  9340 | D:10     | Noticed a two-headed ogre
  9347 | D:10     | Killed a two-headed ogre
  9559 | D:10     | Found a stormy altar of Qazlal.
  9648 | D:8      | Bought a scroll of identify for 68 gold pieces
 10327 | D:10     | Identified the +1 ring mail of Lesser Demons {rPois Str-4
                  | Int-5 SInv}
 10537 | D:11     | Reached XP level 12. HP: 86/103 MP: 14/14
 10817 | D:11     | Noticed Sonja
 10819 | D:11     | Killed Sonja
 10820 | D:11     | Reached skill level 5 in Throwing
 10943 | D:11     | Found a staircase to the Orcish Mines.
 11104 | D:11     | Noticed a two-headed ogre
 11112 | D:11     | Killed a two-headed ogre
 11124 | D:11     | Received a gift from Trog
 11904 | D:1      | Bought a scroll of fear for 52 gold pieces
 11904 | D:1      | Bought a scroll of teleportation for 39 gold pieces
 12049 | Lair:1   | Entered Level 1 of the Lair of Beasts
 12062 | Lair:1   | Lost mutation: You have sharp toenails. [potion of
                  | mutation]
 12062 | Lair:1   | Lost mutation: You are partially covered in large bone
                  | plates. (SH +4) [potion of mutation]
 12062 | Lair:1   | Gained mutation: You have hidden genetic defects. [potion
                  | of mutation]
 12062 | Lair:1   | Gained mutation: You are frail. (-10% HP) [potion of
                  | mutation]
 12062 | Lair:1   | Gained mutation: Your spells are a little harder to cast,
                  | but a little more powerful. [potion of mutation]
 12062 | Lair:1   | Gained mutation: Your flesh is cold resistant. (rC+)
                  | [potion of mutation]
 12608 | D:8      | Bought a ruby potion for 30 gold pieces
 12715 | Orc:1    | Entered Level 1 of the Orcish Mines
 12717 | Orc:1    | Noticed Harold
 12744 | Orc:1    | Noticed an ettin
 12752 | Orc:1    | Demolished by an ettin

Illustrated notes

Levels and vault maps discovered:
D:1:      dpeg_arrival_windows_large_door, layout_basic, serial_shops,
          nicolae_shop_behind_doors, shop, nicolae_shop_crystal, shop,
          amethyst_killhole, minmay_misc_feat_tower
D:2:      layout_rooms, basic_altar, uniq_crazy_yiuf_cottage, uniq_jessica
D:3:      layout_basic, dreamdust_ecumenical_altar_hidden_monk_grotto
D:4:      layout_rooms, minmay_temple_entry_mini_moons, serial_rivers,
          chequers_serial_rivers_large_a, chequers_serial_rivers_room_a,
          chequers_serial_rivers_micro_e, chequers_serial_rivers_micro_d,
          chequers_serial_rivers_small_3, chequers_serial_rivers_micro_e
D:5:      layout_basic, yredelemnul_altar_generic, nicolae_shop_self_help
D:6:      layout_loops_corners, mainiacjoe_overflow_paths,
          nicolae_overflow_crystal_walls, lightli_ossuary_entry_decrepit_ruins,
          uniq_pikel, uniq_duvessa, uniq_sigmund
D:7:      layout_loops_ring, uniq_joseph
D:8:      layout_gridville, nicolae_hepliaklqana_hazy_memory, lair_entry_dummy,
          serial_shops, nicolae_shop_overgrown_old_shop, uniq_maurice
D:9:      layout_long_grid, kennysheep_vampire_church, nicolae_lava_and_water
D:10:     layout_stronghold, lemuel_crystal_altar
D:11:     layout_basic, erik_orc_3, lightli_wizard_tower, uniq_sonja
Temple:   eino_temple_scatter_basement
Lair:1:   layout_cave_pods, minivault_11, nicolae_quartered_pool_super
Orc:1:    layout_caves, lemuel_statue_altar, nicolae_orc_crystal_geode,
          uniq_harold

Skill      XL: |  1  2  3  4  5  6  7  8  9 10 11 12 |
---------------+-------------------------------------+-----
Axes           | 4 |  4.8
Fighting       | 4 6 7 8 9 |  9.0
Armour         | 4 5 7 8 9 |  9.6
Dodging        | 3 4 5 6 7 8 9 |  9.3
Short Blades   | 1 3 6 10 | 10.0
Stealth        | 1 3 4 6 |  6.0
Shields        | 1 5 6 8 9 |  9.3
Throwing       | 2 4 5 |  5.7
Maces & Flails | 4 5 |  5.6
Invocations    | 4 5 |  5.0
Evocations     | 3 4 |  4.4
Staves         | |  0.2
Ranged Weapons | |  0.1

Action                   |  1- 3 |  4- 6 |  7- 9 | 10-12 || total
-------------------------+-------+-------+-------+-------++-------
Melee: Hand axe          |    34 |       |       |       ||    34
       Kick              |     5 |    20 |       |       ||    25
       Headbutt          |     3 |    12 |    69 |   154 ||   238
       Dagger            |    11 |   113 |   280 |   593 ||   997
       Punch             |       |     1 |     2 |       ||     3
Throw: Boomerang         |       |     1 |       |    32 ||    33
       Javelin           |       |       |       |    15 ||    15
Invok: Berserk           |     1 |     1 |     3 |     5 ||    10
       Trog's Hand       |       |       |     2 |     1 ||     3
Evoke: Wand              |       |       |       |     3 ||     3
       Phantom mirror    |       |       |       |     1 ||     1
       Tin of tremorston |       |       |       |     1 ||     1
  Use: Scroll            |     3 |     2 |     7 |     9 ||    21
       Potion            |     3 |       |     1 |     3 ||     7
 Stab: Sleeping          |       |     7 |     8 |    26 ||    41
       Distracted        |       |       |       |     2 ||     2
Armor: Ring mail         |    13 |    30 |    46 |    83 ||   172
Dodge: Dodged            |    19 |    52 |    83 |   117 ||   271
Block: Other             |     2 |    23 |     5 |       ||    30
       Buckler           |       |       |    45 |   109 ||   154

Table legend: (Time is in decaauts)
 A = Elapsed time spent in this place.
 B = Non-inter-level travel time spent in this place.
 C = Inter-level travel time spent in this place.
 D = Time resting spent in this place.
 E = Time spent auto-exploring this place.
 F = Levels seen in this place.
 G = Mean time per level.
                   A        B        C        D        E       F      G
               +--------+--------+--------+--------+--------+-----+--------+
         Total |  12326 |  10291 |   2035 |    428 |   7692 |  15 |  821.7 |
       Dungeon |  11407 |   9408 |   1999 |    238 |   7248 |  11 | 1037.0 |
        Temple |    181 |    174 |      7 |      0 |    158 |   1 |  181.0 |
          Lair |    491 |    462 |     29 |    190 |    204 |   1 |  491.0 |
  Orcish Mines |     32 |     32 |      0 |      0 |      1 |   1 |   32.0 |
       Ossuary |    213 |    213 |      0 |      0 |     81 |   1 |  213.0 |
               +--------+--------+--------+--------+--------+-----+--------+

Top non-repeatable levels by time:
     D:5: 1375 daAuts
     D:8: 1303 daAuts
    D:11: 1261 daAuts
     D:6: 1158 daAuts
     D:1: 1114 daAuts
     D:9: 1041 daAuts
     D:4: 1032 daAuts
    D:10: 968 daAuts
     D:2: 791 daAuts
     D:7: 713 daAuts
     D:3: 646 daAuts
  Lair:1: 491 daAuts
 Ossuary: 213 daAuts
  Temple: 181 daAuts
   Orc:1: 32 daAuts
